 Dungeon Sprint DCSS version 0.17.1-1-g73c8601 (webtiles) character file.

28 Mysteryquy the Skirmisher (level 3, -11/41 HPs)
             Began as a Troll Fighter on Jan 4, 2016.
             Was an Initiate of Makhleb.
             Mangled by a hill giant
             ... wielding a +0 giant club
              (26 damage)
             ... in the Dungeon (Sprint IX: "|||||||||||||||||||||||||||||").
             The game lasted 00:00:58 (157 turns).

Mysteryquy the Skirmisher (Troll Fighter)            Turns: 157, Time: 00:00:58

Health: -11/41     AC:  5    Str: 28    XL:     3   Next: 0%
Magic:  2/2        EV:  8    Int:  4    God:    Makhleb [......]
Gold:   0          SH:  9    Dex:  9    Spells: 0 memorised, 2 levels left

rFire  . . .     SeeInvis .       - Unarmed
rCold  . . .     Clarity  .     a - +0 robe
rNeg   . . .     SustAt   .     b - +0 shield
rPois  .         Gourm    +     (helmet restricted)
rElec  .         Spirit   .     (no cloak)
rCorr  .         Warding  .     (gloves unavailable)
rMut   .         NoTele   +     (boots unavailable)
MR     .....                    (no amulet)
Stlth  +.........               (no ring)
                                o - +3 ring of strength

@: lethally poisoned (-11 -> -11), not resistant to hostile enchantments, very
unstealthy
A: unfitting armour, claws 3, fast metabolism 3, gourmand, regeneration 2,
shaggy fur 1, tough skin 2
a: Renounce Religion


You were in the Dungeon.
You worshipped Makhleb.
Makhleb was noncommittal.
You were very full.

You visited 1 branch

Inventory:

Armour
 a - a +0 robe (worn)
 b - a +0 shield (worn)
Jewellery
 o - a +3 ring of strength (left claw)
 p - a +3 ring of intelligence
Wands
 n - a wand of cold (7)
Scrolls
 j - 2 scrolls of blinking
 l - 3 scrolls of remove curse
 m - 2 scrolls of amnesia
Potions
 c - a potion of might
 e - 5 potions of curing
 f - 3 potions of heal wounds
 g - a potion of haste
 h - 4 potions of magic
 i - a potion of berserk rage
 k - a potion of invisibility
Comestibles
 d - 2 bread rations


   Skills:
 + Level 4.9 Fighting
 - Level 2.4 Dodging
 - Level 2.4 Shields
 + Level 3.5 Unarmed Combat


You had 2 spell levels left.
You didn't know any spells.

Dungeon Overview and Level Annotations

Branches:
Dungeon (1/1)

Altars:
Cheibriados
Dithmenos
Elyvilon
Fedhas
Gozag
Kikubaaqudgha
Makhleb
Nemelex Xobeh
Okawaru
Qazlal
Ru
Sif Muna
Trog
Vehumet
Xom
Yredelemnul
Zin
The Shining One
Beogh
Jiyva
Lugonu


Innate Abilities, Weirdness & Mutations

You are too large for most types of armour.
You have claws for hands.
Your metabolism is lightning-fast.
You like to eat raw meat.
You heal very quickly.
You are covered in fur (AC +1).
You have very tough skin (AC +2).


Message History

The hill giant is moderately wounded.
The hill giant hits you with a giant club.
You claw the hill giant!
The hill giant is severely wounded.
You feel sick.
The hill giant hits you with a giant club.
Your shield prevents you from hitting the hill giant.
The hill giant is heavily wounded.
You block the hill giant's attack.
You scratch the hill giant but do no damage.
The hill giant is heavily wounded.
The hill giant hits you with a giant club!
You claw the hill giant!
The hill giant is severely wounded.
You claw the hill giant!
The hill giant is almost dead.
You feel sick.
The hill giant hits you with a giant club!!
Ouch! That really hurt!
You die... ▓▓▓▓▓▓▓▓▓▓▓▓▓▓▓▓▓▓▓▓▓▓▓▓ ______'..|)[[[..@CSZhoS+ ▓▓▓▓▓▓▓▓▓▓▓▓▓▓▓▓▓▓▓▓▓▓▓▓

You could see a hill giant, an orc warrior, a hound, 2 adders and a jackal skeleton.

Vanquished Creatures
  An adder (D)
  A shadow imp (D)
  2 orcs (D)
  A goblin (D)
  2 hobgoblins (D)
  2 kobolds (D)
  A giant gecko (D)
10 creatures vanquished.

Vanquished Creatures (others)
  A spatial maelstrom (D)
1 creature vanquished.

Grand Total: 11 creatures vanquished

Notes
Turn   | Place    | Note
--------------------------------------------------------------
     0 | D        | Mysteryquy the Troll Fighter began the quest for the Orb.
     0 | D        | Reached XP level 1. HP: 22/22 MP: 0/0
     4 | D        | Banished a spatial maelstrom
     8 | D        | Reached skill level 3 in Fighting
    26 | D        | Reached XP level 2. HP: 30/32 MP: 1/1
    37 | D        | Reached skill level 4 in Fighting
    43 | D        | Reached XP level 3. HP: 29/41 MP: 2/2
    84 | D        | Found a glowing silver altar of Zin.
    84 | D        | Found a glowing golden altar of the Shining One.
    84 | D        | Found an ancient bone altar of Kikubaaqudgha.
    84 | D        | Found a basalt altar of Yredelemnul.
    84 | D        | Found a shimmering altar of Xom.
    84 | D        | Found a radiant altar of Vehumet.
    85 | D        | Found an iron altar of Okawaru.
    86 | D        | Found a burning altar of Makhleb.
    87 | D        | Found a deep blue altar of Sif Muna.
    88 | D        | Found a bloodstained altar of Trog.
    89 | D        | Found a sparkling altar of Nemelex Xobeh.
    90 | D        | Found a white marble altar of Elyvilon.
    91 | D        | Found a roughly hewn altar of Beogh.
    92 | D        | Found a viscous altar of Jiyva.
    93 | D        | Found a corrupted altar of Lugonu.
    94 | D        | Found a blossoming altar of Fedhas.
    95 | D        | Found a snail-covered altar of Cheibriados.
    96 | D        | Found a shadowy altar of Dithmenos.
    97 | D        | Found a stormy altar of Qazlal.
    98 | D        | Found an opulent altar of Gozag.
    99 | D        | Found a sacrificial altar of Ru.
   110 | D        | Became a worshipper of Makhleb the Destroyer
   141 | D        | Noticed a hound
   141 | D        | Noticed a hill giant
   141 | D        | Noticed an orc warrior
   157 | D        | Mangled by a hill giant

Action                   || total
-------------------------++-------
Melee: Unarmed           ||    41
  Eat: Chunk             ||     6
